 Dungeon Crawl Stone Soup version 0.32-a0-931-g5a2cda0630 (webtiles) character file.

Game seed: 2674239375365890230

2620 capka3m the Grappler (level 9, -1/75 HPs)
             Began as a Troll Shapeshifter on Apr 13, 2024.
             Was a Priest of Cheibriados.
             Slain by a killer bee zombie (5 damage)
             ... on level 8 of the Dungeon.
             The game lasted 00:13:22 (5721 turns).

capka3m the Grappler (Troll Shapeshifter)           Turns: 5721, Time: 00:13:28

Health: -1/75      AC:  3    Str: 32    XL:     9   Next: 34%
Magic:  0/8        EV: 13    Int: 18    God:    Cheibriados [***...]
Gold:   424        SH:  0    Dex: 17    Spells: 8/8 levels left

rFire   . .          .
                       - Unarmed
rCold   . . .        (shield currently unavailable)
rNeg    . . .        (body armour currently unavailable)
rPois   .            (helmet restricted)
rElec   .            s - +0 cloak
rCorr   +            (gloves unavailable)
SInv    .            (boots unavailable)
Will    .....        t - amulet of guardian spirit
Stlth   +            u - ring of resist corrosion
HPRegen 1.12/turn    (no ring)
MPRegen 0.11/turn

%: guardian spirit
@: flux-form, glowing, very slow
A: glow, contaminating, large, unfitting armour, claws 3, regeneration 1, shaggy
fur 1, tough skin 1
a: Begin Untransformation, Renounce Religion, Bend Time, Temporal Distortion


You were on level 8 of the Dungeon.
You worshipped Cheibriados.
Cheibriados was most pleased with you.
You were something dangerously unstable.
You visited 2 branches of the dungeon, and saw 9 of its levels.

You collected 424 gold pieces.

Inventory:

Missiles
 y - 2 throwing nets (quivered)
Armour
 a - a +0 animal skin
 g - a +0 kite shield
 s - a +0 cloak (worn)
 B - a +2 leather armour of cold resistance
 C - the +1 robe "Pagroka" {rElec rPois rF++ Will+}
   (You found it on level 7 of the Dungeon)

   rF++:      It greatly protects you from fire.
   rElec:     It insulates you from electricity.
   rPois:     It protects you from poison.
   Will+:     It increases your willpower.
Jewellery
 t - an amulet of guardian spirit (around neck)
 u - a ring of resist corrosion (left claw)
 D - a ring of magical power
Talismans
 c - a beast talisman
 d - a flux talisman (active)
Wands
 v - a wand of quicksilver (19)
 w - a wand of charming (9)
Scrolls
 j - 3 scrolls of blinking {unknown}
 k - a scroll of amnesia {unknown}
 m - a scroll of enchant weapon {unknown}
 n - 3 scrolls of identify {unknown}
 o - a scroll of silence {unknown}
 q - a scroll of teleportation {unknown}
Potions
 b - a potion of lignification
 e - 9 potions of curing
 f - 4 potions of attraction {unknown}
 h - a potion of haste {unknown}
 i - 5 potions of might {unknown}
 l - 2 potions of heal wounds {unknown}
 p - a potion of enlightenment {unknown}
 r - a potion of mutation {unknown}
 x - 2 potions of magic {unknown}
 z - a potion of resistance {unknown}
 A - a potion of ambrosia {unknown}


   Skills:
 - Level 0.7 Fighting
 - Level 1.5 Dodging
 * Level 10.9 Unarmed Combat
 + Level 7.4 Shapeshifting


You had 8 spell levels left.
You didn't know any spells.
Your spell library contained the following spells:

 Spells                   Type           Power      Damage    Failure   Level
 Apportation              Tloc           0%         N/A       22%         1
 Sting                    Conj/Alch      0%         1d3       22%         1
 Jinxbite                 Hex            0%         N/A       32%         2
 Mercury Vapours          Alch/Air       0%         N/A       32%         2
 Hailstorm                Conj/Ice       0%         3d5       54%         3
 Inner Flame              Hex/Fire       0%         N/A       54%         3
 Maxwell's Portable Pile  Tloc           0%         2d(5-13)  54%         3
 Summon Ice Beast         Ice/Summ       0%         N/A       54%         3
 Tukima's Dance           Hex            0%         N/A       54%         3
 Olgreb's Toxic Radiance  Alch           0%         N/A       91%         4
 Passage of Golubria      Tloc           0%         N/A       91%         4
 Alistair's Intoxication  Alch           0%         N/A       99%         5
 Arcjolt                  Conj/Air       0%         1d10      99%         5
 Irradiate                Conj/Alch      0%         3d11      99%         5
 Iskenderun's Battlesphe  Conj           0%         2d6       99%         5
 Yara's Violent Unravell  Hex/Alch       0%         3d3       99%         5
 Bombard                  Conj/Erth      0%         9d1       100%        6
 Permafrost Eruption      Ice/Erth       0%         2x4d1     100%        6
 Sculpt Simulacrum        Ice/Alch       0%         N/A       100%        6
 Spellforged Servitor     Conj/Summ      0%         N/A       100%        7
 Ignition                 Fire           0%         3d3       100%        8
 Maxwell's Capacitive Co  Air            0%         ∞         100%        8


Dungeon Overview and Level Annotations

Branches:
Dungeon (8/15)             Temple (1/1) D:4
   Lair: D:8-11

Altars:
Ashenzari
Cheibriados
Dithmenos
Elyvilon
Gozag
Hepliaklqana
Makhleb
Nemelex Xobeh
Okawaru
Qazlal
Ru
Sif Muna
Trog
Uskayaw
Vehumet
Wu Jian
Yredelemnul

Shops:
D:2 [   D:4 *[?:


Innate Abilities, Weirdness & Mutations

You are something dangerously unstable.
You glow with magical radiation, making you easy to see and hit.
Foes you strike become dangerously contaminated with magical radiation.
You are incapable of wielding weapons or throwing items.
You are too large for most types of armour.
You have claws for hands.
Your natural rate of healing is unusually fast.
You are covered in fur. (AC +1)
You have tough skin. (AC +1)


Message History

The unseen horror zombie hits you!
The unseen horror zombie closely misses you.
The killer bee zombie hits you. The unseen horror zombie misses you.
The unseen horror zombie hits you.
You are too injured to fight recklessly!
You claw the unseen horror zombie!
The unseen horror zombie begins to glow.
The unseen horror zombie is heavily damaged.
The unseen horror zombie barely misses you.
The unseen horror zombie hits you but does no damage.
The killer bee zombie barely misses you.
The unseen horror zombie closely misses you.
The unseen horror zombie hits you. The killer bee zombie hits you.
* * * LOW HITPOINT WARNING * * *
You scratch the unseen horror zombie.
The unseen horror zombie glows dangerously bright.
The unseen horror zombie is severely damaged.
The unseen horror zombie hits you.
* * * LOW HITPOINT WARNING * * *
The unseen horror zombie misses you.
The unseen horror zombie closely misses you.
The unseen horror zombie hits you.
* * * LOW HITPOINT WARNING * * *
The killer bee zombie barely misses you.
The unseen horror zombie hits you.
* * * LOW HITPOINT WARNING * * *
It was a potion of curing.
You feel better.
The unseen horror zombie closely misses you.
The unseen horror zombie hits you.
* * * LOW HITPOINT WARNING * * *
The unseen horror zombie hits you but does no damage.
The killer bee zombie hits you.
* * * LOW HITPOINT WARNING * * *
The unseen horror zombie hits you.
* * * LOW HITPOINT WARNING * * *
The unseen horror zombie hits you.
* * * LOW HITPOINT WARNING * * *
The killer bee zombie hits you.
You die...
Cheibriados appreciates the motionlessness of death.

#.#..#....
.........#
.........#
.........#
##....ß..#
.........#
......ZZZ##.###
.......p.......
.........#..###
.....###.# ..$
.... .# # ...
.# .. .# . .#
.#


You could see a killer bee zombie and 2 unseen horror zombies.

Vanquished Creatures
  Sigmund (D:2)
  A steam dragon (D:7)
  A water moccasin (D:4)
  An ice beast (D:7)
  3 black bears
  2 ogres
  A bullfrog (D:6)
  4 scorpions
  A gnoll sergeant (D:7)
  4 killer bees (D:6)
  3 bombardier beetles
  5 hounds
  2 jellies
  5 orc priests
  2 sleepcaps
  Jessica (D:2)
  2 gnoll boudas
  An iguana (D:5)
  10 orc wizards
  12 gnolls
  8 adders
  2 white imps (D:6)
  2 ufetubi (D:6)
  5 ribbon worms
  3 dart slugs
  24 orcs
  5 ball pythons
  9 bats
  9 endoplasms
  4 giant cockroaches
  3 goblins
  7 hobgoblins
  7 kobolds
  2 quokkas
  6 frilled lizards
  5 rats (D:2)
163 creatures vanquished.

Notes
Turn   | Place    | Note
-------+----------+-------------------------------------------
     0 | D:1      | capka3m the Troll Shapeshifter began the quest for the Orb.
     0 | D:1      | Reached XP level 1. HP: 18/18 MP: 0/0
   151 | D:1      | Reached XP level 2. HP: 26/26 MP: 1/1
   162 | D:1      | You fall into a shaft and drop 1 floor!
   186 | D:2      | Noticed Jessica
   190 | D:2      | Killed Jessica
   191 | D:2      | Reached XP level 3. HP: 28/32 MP: 2/2
   277 | D:2      | Noticed Sigmund
   283 | D:2      | Killed Sigmund
   284 | D:2      | Reached skill level 5 in Unarmed Combat
   284 | D:2      | Reached XP level 4. HP: 40/40 MP: 3/3
   284 | D:2      | Reached XP level 5. HP: 46/46 MP: 4/4
   303 | D:2      | Found Zafav's Armour Shop.
  2083 | D:3      | Found a shadowy altar of Dithmenos.
  2087 | D:3      | Reached XP level 6. HP: 50/54 MP: 5/5
  2270 | D:3      | Found a faded altar of an unknown god.
  2527 | D:4      | Found Loaquw's Book Shop.
  2536 | D:4      | Reached skill level 6 in Unarmed Combat
  2545 | D:4      | Found Rituujar's Magic Scroll Boutique.
  2564 | D:4      | Found Guohor's Armour Emporium.
  2713 | D:4      | Noticed a water moccasin
  2722 | D:4      | Killed a water moccasin
  2738 | D:4      | Found a staircase to the Ecumenical Temple.
  2750 | Temple   | Entered the Ecumenical Temple
  2757 | Temple   | Became a worshipper of Cheibriados the Contemplative
  2813 | D:4      | Reached XP level 7. HP: 61/61 MP: 6/6
  2889 | D:4      | Reached skill level 5 in Shapeshifting
  2898 | D:4      | Reached skill level 7 in Unarmed Combat
  2935 | D:4      | Found Deyg Tin's Assorted Antiques.
  2977 | D:4      | Reached * piety under Cheibriados
  3320 | D:5      | Entered Level 5 of the Dungeon
  3543 | D:5      | Reached skill level 8 in Unarmed Combat
  3578 | D:5      | Reached XP level 8. HP: 31/68 MP: 2/7
  4207 | D:5      | Reached ** piety under Cheibriados
  4353 | D:6      | Reached skill level 9 in Unarmed Combat
  4783 | D:6      | Found an iron altar of Okawaru.
  4920 | D:6      | Reached skill level 10 in Unarmed Combat
  4952 | D:6      | Reached *** piety under Cheibriados
  4956 | D:6      | Reached XP level 9. HP: 73/75 MP: 4/8
  5199 | D:7      | Identified the +1 robe "Pagroka" {rElec rPois rF++ Will+}
  5721 | D:8      | Slain by a killer bee zombie

Illustrated notes

Levels and vault maps discovered:
D:1:      minmay_arrival_plants_in_alcoves, layout_basic,
          minmay_misc_feat_square, minmay_domino_2
D:2:      layout_loops_corners, serial_shops, shop, columned_hall_lemuel,
          chequers_serial_rivers_large_b, uniq_jessica, uniq_sigmund
D:3:      layout_basic, nicolae_dithmenos_the_darkroom,
          shapermc_ecumenical_altar_mp_urbaneastern
D:4:      layout_loops_ring, minmay_temple_entry_overgrown, serial_shops, shop,
          nicolae_shop_overgrown_old_shop, shop, shop, kennysheep_pointless_box,
          roderic_st_hans_cross
D:5:      layout_gridville
D:6:      layout_loops_ring, lemuel_round_altar, dk_noncrumbling_3
D:7:      layout_rooms
D:8:      cheibrodos_ideogram_h, layout_rooms, fedhas_bush_and_centaur_altar,
          mainiacjoe_overflow_alcove_1, tso_altar, serial_undead,
          serial_undead_d, serial_undead_b, serial_undead_e, serial_undead_c,
          serial_undead_d, serial_undead_d, serial_undead_a, grunt_ministairs_1,
          minivault_26
Temple:   nicolae_temple_no_exploring_needed

Skill      XL: |  1  2  3  4  5  6  7  8  9 |
---------------+----------------------------+-----
Unarmed Combat | 5 6 8 10 | 10.9
Shapeshifting  | 4 5 6 7 |  7.4
Fighting       | |  0.7
Dodging        | |  1.5

Action                     |  1- 3 |  4- 6 |  7- 9 || total
---------------------------+-------+-------+-------++-------
  Melee: Unarmed           |    13 |   137 |   239 ||   389
    Use: Potion            |       |       |     1 ||     1
   Stab: Sleeping          |       |       |     2 ||     2
 Armour: Animal skin       |     8 |    65 |   171 ||   244
         Skin              |       |       |    26 ||    26
  Dodge: Dodged            |     3 |    26 |    90 ||   119
  Block: Kite shield       |     2 |    33 |    81 ||   116
   Form: Flux              |       |       |     1 ||     1

Table legend: (Time is in decaauts)
 A = Elapsed time spent in this place.
 B = Non-inter-level travel time spent in this place.
 C = Inter-level travel time spent in this place.
 D = Time resting spent in this place.
 E = Time spent auto-exploring this place.
 F = Levels seen in this place.
 G = Mean time per level.
                   A        B        C        D        E       F      G
               +--------+--------+--------+--------+--------+-----+--------+
         Total |   6688 |   6513 |    175 |      0 |   5438 |   9 |  743.1 |
       Dungeon |   6672 |   6505 |    167 |      0 |   5438 |   8 |  834.0 |
        Temple |     16 |      9 |      7 |      0 |      0 |   1 |   16.0 |
               +--------+--------+--------+--------+--------+-----+--------+

Top non-repeatable levels by time:
     D:5: 1264 daAuts
     D:6: 1211 daAuts
     D:2: 1067 daAuts
     D:4: 946 daAuts
     D:1: 777 daAuts
     D:7: 726 daAuts
     D:3: 672 daAuts
  Temple: 16 daAuts
     D:8: 7 daAuts
